 Dungeon Crawl Stone Soup version 0.27-a0-1308-gc08437e49b (webtiles) character file.

Game seed: 14519247083144195413

46 senseless the Gusty (level 3, -1/19 HPs)
             Began as a Tengu Air Elementalist on June 18, 2021.
             Slain by an iguana (12 damage)
             ... on level 3 of the Dungeon.
             The game lasted 00:05:45 (2169 turns).

senseless the Gusty (Tengu Air Elementalist)        Turns: 2169, Time: 00:05:45

Health: -1/19      AC:  3    Str:  8    XL:     3   Next: 66%
Magic:  5/7        EV: 12    Int: 16    God:
Gold:   45         SH:  0    Dex: 14    Spells: 5/6 levels left

rFire    . . .     SeeInvis .   k - +2 dagger (venom)
rCold    . . .     Faith    .   (no shield)
rNeg     . . .     Spirit   .   a - +0 robe
rPois    .         Reflect  .   (helmet restricted)
rElec    .         Harm     .   i - +0 cloak
rCorr    .         Rampage  .   (no gloves)
Will     .....                  (boots unavailable)
Stlth    ++........             (no amulet)
HPRegen  0.06/turn              (no ring)
MPRegen  0.10/turn              (no ring)

@: no status effects
A: beak, talons 3
a: no special abilities


You were on level 3 of the Dungeon.
You visited 1 branch of the dungeon, and saw 3 of its levels.

You collected 45 gold pieces.

Inventory:

Hand Weapons
 k - a +2 dagger of venom (weapon)
Armour
 a - a +0 robe (worn)
 i - a +0 cloak (worn)
Wands
 l - a wand of paralysis (13)
Scrolls
 c - a scroll of identify {unknown}
 d - a scroll of teleportation {unknown}
 h - a scroll of amnesia {unknown}
 j - a scroll of magic mapping {unknown}
Potions
 b - a potion of heal wounds {unknown}
 e - a potion of haste {unknown}
 f - a potion of brilliance {unknown}
 g - 2 potions of curing {unknown}


   Skills:
 + Level 2.7 Dodging
 + Level 2.5 Stealth
 + Level 2.3 Spellcasting
 + Level 2.2 Conjurations
 + Level 4.5 Air Magic


You had 5 spell levels left.
You knew the following spells:

 Your Spells              Type           Power      Damage    Failure   Level
a - Shock                 Conj/Air       48%        1d6       4%          1

Your spell library contained the following spells:

 Spells                   Type           Power      Damage    Failure   Level
 Magic Dart               Conj           36%        1d4       8%          1
 Static Discharge         Conj/Air       12%        N/A       8%          2
 Swiftness                Air            16%        N/A       10%         3
 Searing Ray              Conj           18%        3d3       12%         2
 Mephitic Cloud           Conj/Pois/Air  9%         N/A       24%         3
 Blink                    Tloc           N/A        N/A       30%         2
 Call Imp                 Summ           1%         N/A       30%         2
 Slow                     Hex            1%         N/A       30%         2
 Airstrike                Air            8%         N/A       30%         4
 Conjure Flame            Conj/Fire      5%         6-21      36%         3
 Dazzling Flash           Conj/Hex       10%        N/A       36%         3
 Fulminant Prism          Conj/Hex       2%         3d6       77%         4
 Iskenderun's Mystic Bla  Conj/Tloc      5%         2d3       77%         4
 Lightning Bolt           Conj/Air       6%         1d18      80%         5


Dungeon Overview and Level Annotations

Branches:
Dungeon (3/15)

Altars:


Innate Abilities, Weirdness & Mutations

You have a beak for a mouth.
You have claws for feet.


Message History

The adder is heavily wounded.
The adder bites you. x2
The zap misses the adder.
The adder misses you.
The zap hits the adder.
The adder is almost dead.
The adder bites you.
The zap hits the adder.
You kill the adder!
Magic restored.
A kobold comes into view. It is wielding a +0 short sword.
The zap hits the kobold but does no damage.
The kobold shouts!
The zap hits the kobold.
The kobold is heavily wounded.
The zap hits the kobold.
You kill the kobold!
An iguana comes into view.
The zap hits the iguana.
The iguana is lightly wounded.
The zap hits the iguana but does no damage.
The iguana is lightly wounded.
The zap hits the iguana.
The iguana is moderately wounded.
The zap hits the iguana but does no damage.
The iguana is moderately wounded.
You climb upwards.
There is a stone staircase leading down here.
HP restored.
Magic restored.
Done exploring.
You climb downwards.
The iguana bites you!
There is a stone staircase leading up, spattered with blood here.
The zap hits the iguana.
The iguana is lightly wounded.
The iguana barely misses you.
The zap hits the iguana.
The iguana is moderately wounded.
The iguana bites you!
Ouch! That really hurt!
You die...

#...... .....##
...... #....##
#...>.##
#......##
######.†.....#
...(...@.....#
.♣.....l>......
.......).......
....[..........
...^(..........
...............
...........(...
...............


You could see an iguana.

Vanquished Creatures
  An adder (D:3)
  A dart slug (D:1)
  An orc (D:3)
  A bat (D:1)
  3 endoplasms (D:1)
  7 goblins
  A hobgoblin (D:2)
  2 jackals (D:2)
  A quokka (D:1)
  5 ball pythons
  2 frilled lizards (D:1)
  5 kobolds
  2 rats
32 creatures vanquished.

Notes
Turn   | Place    | Note
-------+----------+-------------------------------------------
     0 | D:1      | senseless the Tengu Air Elementalist began the quest for
                  | the Orb.
     0 | D:1      | Reached XP level 1. HP: 10/10 MP: 4/4
   406 | D:1      | Reached XP level 2. HP: 15/15 MP: 3/6
  1083 | D:2      | Reached XP level 3. HP: 19/19 MP: 3/7
  2169 | D:3      | Slain by an iguana

Illustrated notes

Levels and vault maps discovered:
D:1:      minmay_arrival_up_and_down, layout_loops_ring, grunt_decor_one_mirror
D:2:      layout_basic
D:3:      layout_rooms, nzn_overflow_gifts_of_might_and_magic,
          grunt_temple_overflow_diamond, hellmonk_ecumenical_altar_arch_garden,
          kennysheep_decorative_pillar, minmay_misc_feat_hallway

Skill      XL: |  1  2 |
---------------+-------+-----
Conjurations   | 2 |  2.2
Dodging        | |  2.7
Stealth        | |  2.5
Spellcasting   | |  2.3
Air Magic      | |  4.5

Action                   || total
-------------------------++-------
Melee: Rapier            ||     1
       Dagger            ||     1
 Cast: Shock             ||    74
Armor: Robe              ||     2
Dodge: Dodged            ||    20

Table legend: (Time is in decaauts)
 A = Elapsed time spent in this place.
 B = Non-inter-level travel time spent in this place.
 C = Inter-level travel time spent in this place.
 D = Time resting spent in this place.
 E = Time spent auto-exploring this place.
 F = Levels seen in this place.
 G = Mean time per level.
                   A        B        C        D        E       F      G
               +--------+--------+--------+--------+--------+-----+--------+
         Total |   2169 |   2132 |     37 |      0 |   1955 |   3 |  723.0 |
       Dungeon |   2169 |   2132 |     37 |      0 |   1955 |   3 |  723.0 |
               +--------+--------+--------+--------+--------+-----+--------+

Top non-repeatable levels by time:
     D:2: 1160 daAuts
     D:1: 929 daAuts
     D:3: 79 daAuts
